 Dungeon Crawl Stone Soup version 0.18-a0-1273-g8ec5f8e (webtiles) character file.

39299 dvd the Eclecticist (level 13, 0/68 HPs)
             Began as a Deep Elf Summoner on Feb 7, 2016.
             Was the Champion of Sif Muna.
             Slain by a sun demon (21 damage)
             ... summoned by an orc high priest
             ... on level 1 of the Orcish Mines.
             The game lasted 03:10:33 (24779 turns).

dvd the Eclecticist (Deep Elf Summoner)            Turns: 24779, Time: 03:10:34

Health: 0/68       AC: 13    Str:  5    XL:     13   Next: 68%
Magic:  6/36       EV: 18    Int: 29    God:    Sif Muna [******]
Gold:   1669       SH:  4    Dex: 21    Spells: 10 memorised, 2 levels left

rFire  + . .     SeeInvis .     A - +4 dagger (speed)
rCold  + . .     Gourm    .     P - +2 robe {rC+ rF+}
rNeg   . . .     Faith    .     (no shield)
rPois  .         Spirit   .     Y - +2 helmet
rElec  .         Dismiss  .     y - +0 cloak
rCorr  .         Reflect  +     D - +2 pair of fencer's gloves {LBl+4 SBl+4 EV+3 Dex+6}
SustAt .         Harm     .     H - +0 pair of boots
MR     +....     Rnd*Rage +     t - +4 amulet of reflection
Stlth  ++++......               B - ring of flight
                                z - +3 ring of intelligence

@: drained, somewhat resistant to hostile enchantments, stealthy
A: claws 1, repulsion field 1, icy blue scales 1, berserk 1, regeneration 1
a: Channel Energy, Forget Spell, Renounce Religion, Evoke Flight


You were on level 1 of the Orcish Mines.
You worshipped Sif Muna.
Sif Muna was exalted by your worship.
You were hungry.

You visited 4 branches of the dungeon, and saw 22 of its levels.
You also visited: Ossuary.

You collected 1723 gold pieces.
You spent 54 gold pieces at shops.

Inventory:

Hand Weapons
 i - a +4 quarterstaff of chaos
 A - a +4 dagger of speed (weapon)
Armour
 y - a +0 cloak (worn)
 D - the +2 pair of fencer's gloves (worn) {LBl+4 SBl+4 EV+3 Dex+6}
   (You found it on level 8 of the Dungeon)

   It affects your evasion (+3).
   It affects your dexterity (+6).
 H - a +0 pair of boots (worn)
 P - a +2 robe of resistance (worn)
 Y - a +2 helmet (worn)
Magical Staves
 a - an uncursed staff of cold
Jewellery
 r - an uncursed amulet of regeneration
 t - a +4 amulet of reflection (around neck)
 z - a +3 ring of intelligence (left hand)
 B - a ring of flight (right hand)
Wands
 e - a wand of iceblast (7/15)
 p - a wand of enslavement (13/24)
 q - a wand of disintegration (9/24)
 w - a wand of digging (19/24)
 C - a wand of digging (6/24)
 G - a wand of lightning (5/15)
 J - a wand of acid (3/15)
 N - a wand of confusion (18/48)
 O - a wand of digging (22/24)
 R - a wand of heal wounds (6/9)
 T - a wand of confusion (7/48)
 U - a wand of iceblast (7/15)
 Z - a wand of lightning (12/15)
Scrolls
 j - 2 scrolls of blinking
 l - 8 scrolls of identify
 o - 7 scrolls of teleportation
 s - 2 scrolls of fear
 x - 4 scrolls of remove curse
 Q - a scroll of amnesia
 X - 2 scrolls of recharging
Potions
 h - a potion of magic
 m - 6 potions of haste
 n - 8 potions of curing
 v - a potion of might
 W - a potion of cure mutation
Books
 b - a book of Callings

   Spells                             Type                      Level
   a - Summon Small Mammal            Summoning                    1
   b - Call Imp                       Summoning                    2
   c - Call Canine Familiar           Summoning                    3
   d - Summon Guardian Golem          Hexes/Summoning              3
   e - Summon Lightning Spire         Summoning/Air                4
   f - Summon Ice Beast               Ice/Summoning                4
 f - Sif Muna's Grimoire of the Escort
   (Sif Muna gifted it to you on level 1 of the Lair of Beasts)

   Spells                             Type                      Level
   a - Summon Butterflies             Summoning                    1
   b - Call Canine Familiar           Summoning                    3
   c - Monstrous Menagerie            Summoning                    7
   d - Dragon's Call                  Summoning                    9
 u - the Grimoire of Transformation
   (You found it on level 7 of the Lair of Beasts)

   Spells                             Type                      Level
   a - Beastly Appendage              Transmutation                1
   b - Passwall                       Transmutation/Earth          2
   c - Spider Form                    Transmutation/Poison         3
   d - Hydra Form                     Transmutation                6
 E - a book of Spatial Translocations

   Spells                             Type                      Level
   a - Apportation                    Translocation                1
   b - Blink                          Translocation                2
   c - Shroud of Golubria             Charms/Translocation         2
   d - Portal Projectile              Translocation                3
   e - Teleport Other                 Translocation                3
   f - Passage of Golubria            Translocation                4
 I - an Akashic Record

   Spells                             Type                      Level
   a - Dispersal                      Translocation                6
   b - Malign Gateway                 Summoning/Translocation      7
   c - Disjunction                    Translocation                8
   d - Controlled Blink               Translocation                8
 K - a book of Frost

   Spells                             Type                      Level
   a - Freeze                         Ice                          1
   b - Throw Frost                    Conjuration/Ice              2
   c - Ozocubu's Armour               Charms/Ice                   3
   d - Throw Icicle                   Conjuration/Ice              4
   e - Summon Ice Beast               Ice/Summoning                4
   f - Condensation Shield            Ice                          4
 L - a book of Conjurations

   Spells                             Type                      Level
   a - Magic Dart                     Conjuration                  1
   b - Searing Ray                    Conjuration                  2
   c - Dazzling Spray                 Conjuration/Hexes            3
   d - Fulminant Prism                Conjuration/Hexes            4
   e - Iskenderun's Mystic Blast      Conjuration                  4
   f - Iskenderun's Battlesphere      Conjuration/Charms           5
 M - a book of Unlife

   Spells                             Type                      Level
   a - Recall                         Summoning/Translocation      3
   b - Animate Dead                   Necromancy                   4
   c - Control Undead                 Necromancy                   4
   d - Cigotuvi's Embrace             Necromancy                   5
   e - Death Channel                  Necromancy                   6
   f - Simulacrum                     Ice/Necromancy               6
 S - Loasasae's Tome of Companions
   (Sif Muna gifted it to you on level 7 of the Lair of Beasts)

   Spells                             Type                      Level
   a - Summon Butterflies             Summoning                    1
   b - Call Imp                       Summoning                    2
   c - Spellforged Servitor           Conjuration/Summoning        7
   d - Summon Hydra                   Summoning                    7
 V - a book of Summonings

   Spells                             Type                      Level
   a - Recall                         Summoning/Translocation      3
   b - Aura of Abjuration             Summoning                    5
   c - Summon Demon                   Summoning                    5
   d - Summon Forest                  Summoning/Translocation      5
   e - Summon Mana Viper              Hexes/Summoning              5
   f - Shadow Creatures               Summoning                    6
Comestibles
 c - 15 bread rations
 d - 46 fruits
 k - 13 meat rations
 F - 5 slices of pizza


   Skills:
 * Level 2.8(2.5) Fighting
 + Level 1.3(4.9) Short Blades
 + Level 1.5(1.1) Staves
 + Level 7.2(6.9) Dodging
 + Level 6.0(5.7) Stealth
 + Level 17.7(17.2) Spellcasting
 + Level 3.6(3.2) Hexes
 + Level 14.3(13.9) Summonings
 + Level 5.1(4.8) Necromancy
 + Level 1.4(1.1) Translocations
 + Level 8.6(8.3) Ice Magic
 + Level 4.2(3.8) Air Magic
 + Level 3.5(3.1) Invocations
 + Level 1.8(1.5) Evocations


You had 2 spell levels left.
You knew the following spells:

 Your Spells              Type           Power        Failure   Level  Hunger
a - Summon Hydra          Summ           #######...   6%          7    ####...
b - Summon Mana Viper     Hex/Summ       ######..     1%          5    None
c - Ozocubu's Armour      Chrm/Ice       #####...     1%          3    None
d - Blink                 Tloc           N/A          1%          2    None
e - Summon Ice Beast      Ice/Summ       ######..     1%          4    None
f - Summon Lightning Spi  Summ/Air       ######..     1%          4    None
g - Monstrous Menagerie   Summ           #######...   6%          7    ####...
h - Shadow Creatures      Summ           N/A          1%          6    ##.....
i - Recall                Summ/Tloc      N/A          1%          3    None
j - Animate Dead          Necr           N/A          2%          4    None


Dungeon Overview and Level Annotations

Branches:
Dungeon (12/15)            Temple (1/1) D:4            Lair (8/8) D:8
  Swamp (0/4) Lair:3       Spider (0/4) Lair:4        Slime (0/6) Lair:8
    Orc (1/2) D:12

Altars:
Ashenzari
Cheibriados
Dithmenos
Elyvilon
Fedhas
Gozag
Kikubaaqudgha
Makhleb
Nemelex Xobeh
Okawaru
Pakellas
Qazlal
Ru
Sif Muna
Trog
Vehumet
Xom
Yredelemnul
Zin
The Shining One
Beogh
Jiyva

Shops:
D:6 (   D:11 [   Orc:1 %

Portals:
Hell: Lair:8

Annotations:
D:7 exclusion: ice statue
Lair:8 exclusion: sphinx


Innate Abilities, Weirdness & Mutations

You have sharp fingernails.
You are surrounded by a mild repulsion field (EV +2).
You are partially covered in icy blue scales (AC +1).
You tend to lose your temper in combat.
Your natural rate of healing is unusually fast.


Message History

The orc dies!
Your four-headed hydra bites the sun demon.
The orc high priest completely misses you.
The orc warrior barely misses your lightning spire.
The sun demon hits you!!
You are engulfed in flames.
You resist. The orc warrior hits you with a flail!
Your four-headed hydra is engulfed in a cloud of scalding steam.
Your four-headed hydra misses the sun demon.
Your four-headed hydra bites the sun demon but does no damage.
Your four-headed hydra bites the sun demon.
Your four-headed hydra barely misses the sun demon.
Your lightning spire shoots out a bolt of lightning at the orc warrior!
The bolt of electricity hits the orc warrior. x2
The orc warrior dies!
Sif Muna grants you a gift!
The bolt of electricity hits the orc warrior.
The orc warrior hits your lightning spire with a trident!!
The orc barely misses you. The orc high priest barely misses you.
The sun demon hits you!!
You die...

......##
.......#.
.........
##........
#.........
##........#
##..........
#)8D@....>..
..).o∩o3oO.....
.....o...D.....
..#.)..#......#
...$..# #...$..
..#... ..#... #
###. ..#... ..
... ..


You could see an orc high priest, a sun demon, 2 orc warriors, an ogre, an orc,
a friendly five-headed hydra, a friendly four-headed hydra and a friendly
lightning spire.

Vanquished Creatures
  Sonja (Lair:1)
  3 elephants
  A gargoyle (D:11)
  A boulder beetle (Lair:7)
  4 yaks
  A hippogriff (Lair:3)
  A wolf (Lair:2)
  A porcupine (Lair:3)
  4 water moccasins
  An ice beast (D:7)
  2 centaurs
  A necrophage (D:10)
  2 crocodiles
  2 giant frogs
  The ghost of dvd the Scratcher, an amateur FeTm (D:3)
  A scorpion (D:9)
  A killer bee (D:7)
  5 electric eels (D:10)
  A crimson imp (D:5)
  4 iguanas
  3 worker ants
  2 big kobold zombies (Ossuary)
  2 river rats
  An adder (D:2)
  A shadow imp (D:12)
  3 orcs
  A hobgoblin (D:1)
  A quokka (D:12)
  A bat (D:1)
  A goblin zombie (D:8)
  2 kobolds
  An orc zombie (Ossuary)
  2 rats
  A butterfly (Lair:2)
  A fungus (Lair:8)
  A plant (Lair:8)
62 creatures vanquished.

Vanquished Creatures (collateral kills)
  2 dire elephants (Lair:8)
  A fire dragon (Lair:7)
  Josephine (Lair:6)
  Harold (D:12)
  9 hydras
  6 death yaks (Lair:4)
  Urug (Lair:4)
  Nergalle (Lair:4)
  A sun demon (Lair:8)
  5 hill giants
  A wizard (Lair:8)
  An ugly thing (D:11)
  A deep elf mage (D:12)
  3 griffons
  A wolf spider (Lair:4)
  A sixfirhy (Lair:8)
  17 elephants
  3 orange demons (Lair:8)
  A torpor snail (Lair:8)
  5 black mambas
  A gargoyle (D:12)
  14 spiny frogs
  11 komodo dragons
  2 kobold demonologists (D:8)
  2 fire drakes
  A hellwing (Lair:8)
  5 trolls
  6 red devils (Lair:8)
  An ice devil (Lair:8)
  A polar bear (Lair:3)
  3 two-headed ogres
  4 blink frogs (Lair:1)
  A slime creature (D:11)
  2 boulder beetles
  2 wyverns
  5 fire bats (Lair:3)
  7 wraiths
  58 yaks
  A vampire (D:11)
  5 basilisks
  2 fire elementals (Lair:3)
  8 hippogriffs
  2 hungry ghosts
  A mottled dragon (D:8)
  14 wolves
  2 soldier ants
  22 water moccasins
  6 porcupines
  7 orc warriors
  An ice beast (D:7)
  3 black bears
  3 sky beasts
  2 phantoms
  A wasp (D:10)
  2 ogres
  An eye of draining (D:10)
  7 centaurs
  21 crocodiles
  5 big kobolds
  13 giant frogs
  2 water moccasin zombies (Ossuary)
  2 wyvern skeletons
  5 scorpions
  13 killer bees
  7 wights
  4 electric eels
  4 crimson imps
  3 centaur zombies
  3 giant frog zombies
  2 lava snakes (Lair:3)
  6 hounds
  3 jellies
  A quasit (D:9)
  6 orc priests
  18 orc wizards
  A centaur skeleton (D:5)
  3 giant frog skeletons
  Crazy Yiuf (D:5)
  7 iguanas
  4 hell rats (Lair:6)
  8 worker ants
  10 sheep
  A big kobold zombie (Ossuary)
  A hound zombie (D:9)
  2 mummies (Ossuary)
  A worker ant zombie (D:3)
  4 gnolls (D:5)
  13 adders
  54 river rats
  A shadow imp (D:7)
  An ooze (D:6)
  6 adder zombies
  A worm (D:2)
  7 giant geckos
  55 orcs
  2 ball pythons (D:1)
  5 bats
  10 giant cockroaches
  3 gnoll zombies (Ossuary)
  5 goblins
  7 hobgoblins
  3 jackals
  5 quokkas
  A giant gecko skeleton (D:3)
  6 giant newts
  5 hobgoblin zombies (Ossuary)
  12 kobolds
  3 kobold zombies (Ossuary)
  4 orc zombies (Ossuary)
  7 rats
  A rat zombie (D:8)
  2 butterflies (Lair:2)
  56 fungi
  36 plants
750 creatures vanquished.

Vanquished Creatures (others)
  A porcupine (Lair:7)
  2 river rats (Lair:7)
  A bush (Lair:4)
  50 fungi
  22 plants
  2 snaplasher vines
  353 snaplasher vine segments
431 creatures vanquished.

Grand Total: 1243 creatures vanquished

Notes
Turn   | Place    | Note
--------------------------------------------------------------
     0 | D:1      | dvd the Deep Elf Summoner began the quest for the Orb.
     0 | D:1      | Reached XP level 1. HP: 10/10 MP: 6/6
   120 | D:1      | Reached XP level 2. HP: 15/15 MP: 6/8
   167 | D:1      | Learned a level 2 spell: Call Imp
  1050 | D:2      | Reached XP level 3. HP: 19/19 MP: 5/10
  1070 | D:2      | Learned a level 3 spell: Call Canine Familiar
  1074 | D:2      | Learned a level 3 spell: Summon Guardian Golem
  1216 | D:2      | Reached skill level 5 in Summonings
  1524 | D:3      | Noticed dvd's ghost (amateur FeTm)
  2024 | D:3      | Killed dvd's ghost
  2024 | D:3      | Reached XP level 4. HP: 16/24 MP: 1/12
  2027 | D:3      | Found an iron altar of Okawaru.
  2398 | D:3      | Reached XP level 5. HP: 24/28 MP: 7/14
  2855 | D:4      | Reached skill level 5 in Spellcasting
  3485 | D:4      | Noticed a phantom
  3546 | D:4      | Killed a phantom
  3679 | D:4      | Found a staircase to the Ecumenical Temple.
  3687 | Temple   | Entered the Ecumenical Temple
  3865 | Temple   | Became a worshipper of Sif Muna the Loreminder
  4086 | D:5      | Entered Level 5 of the Dungeon
  4146 | D:5      | Reached XP level 6. HP: 32/32 MP: 9/16
  4215 | D:5      | Learned a level 4 spell: Summon Ice Beast
  4222 | D:5      | Reached skill level 6 in Spellcasting
  4495 | D:5      | Learned a level 4 spell: Summon Lightning Spire
  4688 | D:5      | Noticed Crazy Yiuf
  4718 | D:5      | Killed Crazy Yiuf
  4834 | D:5      | Reached skill level 1 in Hexes
  4919 | D:5      | Found a blossoming altar of Fedhas.
  5388 | D:6      | Reached skill level 7 in Spellcasting
  5388 | D:6      | Reached XP level 7. HP: 36/36 MP: 13/19
  5660 | D:6      | Reached * piety under Sif Muna
  5677 | D:6      | Found Onuuloil's Antique Weapon Shop.
  5722 | D:6      | You fall through a shaft!
  5802 | D:6      | HP: 1/36 [wyvern skeleton (12)]
  6468 | D:7      | Reached skill level 1 in Fighting
  6468 | D:7      | Reached skill level 8 in Spellcasting
  6667 | D:7      | Noticed an ice statue
  6817 | D:7      | Reached skill level 1 in Ice Magic
  6857 | D:7      | Reached ** piety under Sif Muna
  6857 | D:7      | Reached XP level 8. HP: 13/43 MP: 0/22
  7157 | D:7      | Reached skill level 9 in Spellcasting
  7593 | D:8      | Reached skill level 1 in Air Magic
  7596 | D:8      | Reached skill level 1 in Staves
  7686 | D:8      | Noticed a kobold demonologist
  7686 | D:8      | Noticed a kobold demonologist
  7687 | D:8      | Noticed a soul eater
  7694 | D:8      | Noticed a hellwing
  7800 | D:8      | Noticed a soul eater
  7820 | D:8      | Reached *** piety under Sif Muna
  7823 | D:8      | Killed a kobold demonologist
  7886 | D:8      | Killed a kobold demonologist
  7886 | D:8      | Reached XP level 9. HP: 46/48 MP: 12/24
  7898 | D:8      | Found a sand-covered staircase.
  7907 | Ossuary  | Entered an ossuary
  8128 | Ossuary  | Reached skill level 10 in Spellcasting
  8534 | D:8      | Noticed a komodo dragon
  8541 | D:8      | Found a staircase to the Lair.
  8550 | D:8      | Killed a komodo dragon
  9362 | D:9      | Noticed a hill giant
  9371 | D:9      | Noticed a troll
  9523 | D:9      | Reached **** piety under Sif Muna
  9760 | D:9      | Killed a hill giant
  9760 | D:9      | Reached skill level 11 in Spellcasting
  9890 | D:9      | Gained mutation: You are surrounded by a mild repulsion field (EV +2). [potion of mutation]
  9890 | D:9      | Gained mutation: You tend to lose your temper in combat. [potion of mutation]
  9890 | D:9      | Gained mutation: You are partially covered in icy blue scales (AC +1). [potion of mutation]
  9970 | D:9      | Reached skill level 10 in Summonings
  9972 | D:9      | Reached ***** piety under Sif Muna
  9992 | D:9      | Noticed a three-headed hydra
  9994 | D:9      | Reached XP level 10. HP: 49/53 MP: 20/27
 10000 | D:9      | Killed a three-headed hydra
 10092 | D:9      | Reached skill level 5 in Dodging
 10312 | D:9      | Noticed a griffon
 10324 | D:9      | Killed a griffon
 10324 | D:9      | Reached skill level 5 in Ice Magic
 10406 | D:9      | Reached skill level 1 in Short Blades
 10471 | D:9      | Reached skill level 5 in Stealth
 10479 | D:9      | Noticed a hill giant
 10488 | D:9      | Killed a hill giant
 10488 | D:9      | Reached skill level 12 in Spellcasting
 10586 | D:10     | Entered Level 10 of the Dungeon
 10588 | D:10     | Noticed a hill giant
 10690 | D:9      | Killed a hill giant
 11685 | D:10     | Reached skill level 1 in Evocations
 11966 | Lair:1   | Entered Level 1 of the Lair of Beasts
 11998 | Lair:1   | Noticed a spiny frog
 12011 | Lair:1   | Killed a spiny frog
 12011 | Lair:1   | Reached ****** piety under Sif Muna
 12159 | Lair:1   | Noticed a black mamba
 12170 | Lair:1   | Killed a black mamba
 12170 | Lair:1   | Reached skill level 13 in Spellcasting
 12285 | Lair:1   | Noticed a six-headed hydra
 12291 | Lair:1   | Received a gift from Sif Muna
 12295 | Lair:1   | Killed a six-headed hydra
 12295 | Lair:1   | Reached XP level 11. HP: 47/57 MP: 2/30
 12297 | Lair:1   | Identified Sif Muna's Grimoire of the Escort (Sif Muna gifted it to you on level 1 of the Lair of Beasts)
 12306 | Lair:1   | Learned a level 7 spell: Monstrous Menagerie
 12649 | Lair:1   | Noticed Sonja
 12674 | Lair:1   | Killed Sonja
 12818 | Lair:1   | Learned a level 2 spell: Searing Ray
 12875 | Lair:1   | Learned a level 3 spell: Recall
 14299 | Lair:3   | HP: 2/58 [fire bat (9)]
 14506 | Lair:3   | Found a staircase to the Swamp.
 15073 | Lair:4   | Noticed Nergalle
 15089 | Lair:4   | Killed Nergalle
 15089 | Lair:4   | Reached skill level 14 in Spellcasting
 15202 | Lair:4   | Gained mutation: Your natural rate of healing is unusually fast. [potion of beneficial mutation]
 15424 | Lair:4   | Learned a level 4 spell: Animate Dead
 15593 | Lair:4   | Received a gift from Sif Muna
 15593 | Lair:4   | Reached skill level 1 in Necromancy
 15762 | Lair:4   | Learned a level 6 spell: Shadow Creatures
 15844 | Lair:4   | Noticed Urug
 15862 | Lair:4   | Killed Urug
 16025 | Lair:4   | Noticed a death yak
 16027 | Lair:4   | Noticed a death yak
 16028 | Lair:4   | Noticed a death yak
 16030 | Lair:4   | Noticed a death yak
 16030 | Lair:4   | Noticed a death yak
 16032 | Lair:4   | Noticed a death yak
 16041 | Lair:4   | Killed a death yak
 16044 | Lair:4   | Killed a death yak
 16045 | Lair:4   | Killed a death yak
 16266 | Lair:4   | Killed a death yak
 16292 | Lair:4   | Noticed a wolf spider
 16293 | Lair:4   | Found a hole to the Spider Nest.
 16300 | Lair:4   | Killed a wolf spider
 16383 | Lair:4   | Killed a death yak
 16383 | Lair:4   | Reached XP level 12. HP: 64/64 MP: 4/32
 16744 | Lair:4   | Killed a death yak
 16883 | Lair:5   | Learned a level 5 spell: Summon Mana Viper
 16936 | Lair:5   | Noticed a six-headed hydra
 16942 | Lair:5   | Noticed an eight-headed hydra
 16946 | Lair:5   | Killed a six-headed hydra
 16949 | Lair:5   | Killed an eight-headed hydra
 16949 | Lair:5   | Reached skill level 15 in Spellcasting
 17773 | Lair:6   | Gained mutation: You have sharp fingernails. [potion of beneficial mutation]
 18123 | Lair:6   | Noticed Josephine
 18131 | Lair:6   | Killed Josephine
 18290 | Lair:6   | Learned a level 5 spell: Summon Forest
 18383 | Lair:6   | Noticed a five-headed hydra
 18390 | Lair:6   | Killed a five-headed hydra
 18390 | Lair:6   | Reached skill level 16 in Spellcasting
 18932 | Lair:7   | Noticed a six-headed hydra
 18971 | Lair:7   | Killed a six-headed hydra
 18983 | Lair:7   | Received a gift from Sif Muna
 18984 | Lair:7   | Identified Loasasae's Tome of Companions (Sif Muna gifted it to you on level 7 of the Lair of Beasts)
 19276 | Lair:7   | Reached skill level 1 in Invocations
 19644 | Lair:7   | Identified the Grimoire of Transformation
 19868 | Lair:7   | Noticed a fire dragon
 19884 | Lair:7   | Killed a fire dragon
 20064 | Lair:8   | Entered Level 8 of the Lair of Beasts
 20090 | Lair:8   | Noticed a six-headed hydra
 20108 | Lair:8   | Killed a six-headed hydra
 20174 | Lair:8   | Reached XP level 13. HP: 68/68 MP: 8/35
 20250 | Lair:8   | Reached skill level 1 in Translocations
 20352 | Lair:8   | Noticed a dire elephant
 20364 | Lair:8   | Killed a dire elephant
 20442 | Lair:8   | Noticed a dire elephant
 20815 | Lair:8   | Learned a level 7 spell: Summon Hydra
 21096 | Lair:8   | Killed a dire elephant
 21184 | Lair:8   | Found a staircase to the Slime Pits.
 21185 | Lair:8   | Found a viscous altar of Jiyva.
 21482 | Lair:8   | Reached skill level 17 in Spellcasting
 21575 | Lair:8   | Reached skill level 5 in Necromancy
 21836 | Lair:8   | Got a shimmering hand axe
 21837 | Lair:8   | Identified the +8 hand axe of Dismemberment {holy, +Inv rC+ Str-4 Dex+4} (You found it on level 8 of the Lair of Beasts)
 22004 | Lair:8   | Found a burning altar of Makhleb.
 22011 | Lair:8   | Found a gateway to Hell.
 22025 | Lair:8   | Learned a level 3 spell: Ozocubu's Armour
 22028 | Lair:8   | Learned a level 2 spell: Blink
 22571 | D:11     | Found Ceud's Armour Emporium.
 22590 | D:11     | Bought a +0 pair of boots for 54 gold pieces
 24094 | D:12     | Found a staircase to the Orcish Mines.
 24122 | D:12     | Found a roughly hewn altar of Beogh.
 24222 | D:12     | Noticed Harold
 24239 | D:12     | Killed Harold
 24767 | Orc:1    | Entered Level 1 of the Orcish Mines
 24767 | Orc:1    | Found Dootut's Food Boutique.
 24779 | Orc:1    | Received a gift from Sif Muna
 24779 | Orc:1    | Slain by a sun demon

Vault maps used:
D:1:      shiori_arrival_maze
D:3:      overflow_temple_1_default, serial_undead, serial_undead_b,
          serial_undead_d, serial_undead_e, serial_undead_e,
          hangedman_feature_mirror
D:4:      minmay_temple_entry_nine_rooms, first_bread, serial_glass,
          glass_columns_a, glass_columns_c, kennysheep_generic_room_10
D:5:      fedhas_altar_fruit_tree, uniq_crazy_yiuf_cottage
D:6:      serial_shops, nicolae_shop_competitors_out_of_business
D:7:      lemuel_ice_statue, minivault_24
D:8:      erik_lair_dragon, enter_ossuary_4
D:9:      hangedman_ranch, minmay_misc_feat_alley
D:10:     serial_bayou, serial_bayou_lake_a, serial_bayou_crossing,
          serial_bayou_lagoon_a, serial_bayou_pond_d
D:11:     serial_shops, shop
D:12:     minmay_orc_entry_temple_small, uniq_harold
Temple:   kilobyte_greek_temple_18
Lair:1:   statuecave_lemuel, uniq_sonja
Lair:2:   infiniplex_staircase_pool_2, serial_bayou_shore_b,
          lemuel_fruit_fields, lemuel_fruit_tree
Lair:3:   swamp_mist_pool, st_stairs_9
Lair:4:   spider_nest_entry_rubble, uniq_urug, uniq_nergalle
Lair:6:   mu_elephants_graveyard, infiniplex_staircase_pool, grunt_megastairs_5,
          uniq_josephine
Lair:7:   dragon1_lemuel, grunt_megastairs_1
Lair:8:   evil_forest, slime_altar_1, wad_woods_river_01
Orc:1:    basic_altar, serial_shops, shop, shop, small_statue_alley_c
Ossuary:  ossuary_tomb_2

Action                   |  1- 3 |  4- 6 |  7- 9 | 10-12 | 13-15 || total
-------------------------+-------+-------+-------+-------+-------++-------
Melee: Unarmed           |     1 |       |       |       |       ||     1
       Short sword       |    17 |    14 |       |       |       ||    31
       Quarterstaff      |       |     4 |    62 |       |       ||    66
       Dagger            |       |       |    21 |   161 |   132 ||   314
 Cast: Summon Small Mamm |    47 |    52 |    37 |    14 |       ||   150
       Call Imp          |    24 |    19 |    13 |     7 |       ||    63
       Call Canine Famil |     9 |    20 |    22 |    19 |       ||    70
       Summon Guardian G |     3 |     6 |     5 |     4 |       ||    18
       Summon Ice Beast  |       |     3 |    53 |   178 |    44 ||   278
       Summon Lightning  |       |     1 |    25 |    45 |    11 ||    82
       Monstrous Menager |       |       |       |    13 |     5 ||    18
       Shadow Creatures  |       |       |       |    19 |     9 ||    28
       Searing Ray       |       |       |       |     4 |       ||     4
       Animate Dead      |       |       |       |    29 |    27 ||    56
       Summon Mana Viper |       |       |       |    13 |    19 ||    32
       Summon Forest     |       |       |       |     4 |     3 ||     7
       Recall            |       |       |       |     3 |     5 ||     8
       Summon Hydra      |       |       |       |       |    30 ||    30
       Ozocubu's Armour  |       |       |       |       |     2 ||     2
       Blink             |       |       |       |       |     1 ||     1
Invok: Channel Energy    |       |       |     1 |    15 |    56 ||    72
       Forget Spell      |       |       |       |     5 |       ||     5
 Abil: Evoke Flight      |       |       |       |     1 |       ||     1
Evoke: Wand              |       |       |       |    16 |     7 ||    23
  Use: Scroll            |     3 |     6 |     4 |    19 |    12 ||    44
       Potion            |     1 |     7 |     8 |     8 |       ||    24
 Stab: Sleeping          |     3 |       |     7 |     9 |     6 ||    25
       Distracted        |     1 |     2 |     1 |     7 |     3 ||    14
       Confused          |       |       |       |     1 |       ||     1
  Eat: Chunk             |     5 |    10 |     7 |    35 |    26 ||    83
       Beef jerky        |       |     1 |       |     3 |     1 ||     5
       Meat ration       |       |       |     1 |       |       ||     1
       Pizza             |       |       |     1 |       |     1 ||     2
       Royal jelly       |       |       |     2 |     2 |     1 ||     5
